 Dungeon Crawl Stone Soup version 0.29-a0-334-gb41bcbb86e (webtiles) character file.

Game seed: 2447146805725323422

200 Jortsu the Cudgeller (level 5, -5/53 HPs)
             Began as a Troll Fighter on Apr 15, 2022.
             Was a Follower of Makhleb.
             Slain by Pikel
             ... wielding a +2 whip of electrocution
              (11 damage)
             ... on level 4 of the Dungeon.
             The game lasted 00:03:32 (2081 turns).

Jortsu the Cudgeller (Troll Fighter)                Turns: 2081, Time: 00:03:33

Health: -5/53      AC:  4    Str: 24    XL:     5   Next: 49%
Magic:  4/4        EV:  9    Int:  4    God:    Makhleb [*.....]
Gold:   104        SH:  7    Dex: 11    Spells: 4/4 levels left

rFire   . . .      SeeInvis .   a - +0 flail
rCold   . . .      Faith    .   c - +0 kite shield
rNeg    . . .      Spirit   .   b - +0 robe
rPois   .          Reflect  .   (helmet restricted)
rElec   .          Harm     .   (no cloak)
rCorr   .          Rampage  .   (gloves unavailable)
Will    .....                   (boots unavailable)
Stlth   +.........              (no amulet)
HPRegen 0.97/turn               (no ring)
MPRegen 0.09/turn               (no ring)

@: no status effects
A: large, unfitting armour, claws 3, regeneration 1, shaggy fur 1, tough skin 1
a: Renounce Religion


You were on level 4 of the Dungeon.
You worshipped Makhleb.
Makhleb was aware of your devotion.
You visited 1 branch of the dungeon, and saw 4 of its levels.

You collected 104 gold pieces.

Inventory:

Hand Weapons
 a - a +0 flail (weapon)
Armour
 b - a +0 robe (worn)
 c - a +0 kite shield (worn)
Wands
 m - a wand of flame (20)
Potions
 d - 3 potions of might
 e - a potion of lignification {unknown}
 f - a potion of ambrosia
 g - a potion of degeneration {unknown}
 h - a potion of invisibility
 i - 2 potions of flight {unknown}
 j - 2 potions of curing {unknown}


   Skills:
 + Level 3.1 Fighting
 + Level 3.6 Maces & Flails
 + Level 3.3 Dodging
 + Level 0.1 Stealth
 + Level 2.9 Shields


You had 4 spell levels left.
You didn't know any spells.
Your spell library was empty.

Dungeon Overview and Level Annotations

Branches:
Dungeon (4/15)
 Temple: D:4-7

Altars:
Kikubaaqudgha
Makhleb

Annotations:
D:4 Pikel


Innate Abilities, Weirdness & Mutations

You are too large for most types of armour.
You have claws for hands.
Your natural rate of healing is unusually fast.
You are covered in fur. (AC +1)
You have tough skin. (AC +1)


Message History

You block Pikel's attack.
There is a stone staircase leading up, spattered with blood here.
You hit Pikel but do no damage. You block Pikel's attack.
You closely miss Pikel. Pikel waves his whip at you.
Pikel hits you with a +2 whip of electrocution.
You hit Pikel.
Pikel is lightly wounded.
You block Pikel's attack.
You barely miss Pikel.
Pikel is lightly wounded.
Pikel hits you with a +2 whip of electrocution.
You are electrocuted!!
Pikel hits you with a +2 whip of electrocution!
You barely miss Pikel.
Pikel is lightly wounded.
Pikel barely misses you.
You barely miss Pikel.
Pikel is lightly wounded.
You block Pikel's attack.
You hit Pikel but do no damage.
Pikel is lightly wounded.
Pikel completely misses you.
Pikel hits you with a +2 whip of electrocution!
* * * LOW HITPOINT WARNING * * *
You closely miss Pikel.
Pikel is lightly wounded.
You block Pikel's attack.
You closely miss Pikel.
Pikel is lightly wounded.
Pikel hits you with a +2 whip of electrocution.
* * * LOW HITPOINT WARNING * * *
You are electrocuted!
* * * LOW HITPOINT WARNING * * *
You block Pikel's attack.
You barely miss Pikel.
Pikel is lightly wounded.
Pikel says, "I just want to get paid!"
Pikel hits you with a +2 whip of electrocution!
You die...

....>.#
...#.#
....#
###...#
......
#...#
####..#
#...K@#
#!#####


You could see Pikel.

Vanquished Creatures
  4 lemures (D:3)
  2 orc priests (D:3)
  An iguana (D:3)
  5 adders
  A worm (D:3)
  A dart slug (D:2)
  3 orcs (D:3)
  4 ball pythons
  A bat (D:3)
  A bat zombie (D:3)
  6 endoplasms
  2 giant cockroaches
  10 goblins
  8 hobgoblins
  3 jackals (D:1)
  2 quokkas
  2 frilled lizards (D:2)
  6 kobolds
  7 rats (D:1)
  2 rat zombies (D:3)
71 creatures vanquished.

Notes
Turn   | Place    | Note
-------+----------+-------------------------------------------
     0 | D:1      | Jortsu the Troll Fighter began the quest for the Orb.
     0 | D:1      | Reached XP level 1. HP: 22/22 MP: 0/0
   166 | D:1      | Reached XP level 2. HP: 29/29 MP: 1/1
   635 | D:2      | Reached XP level 3. HP: 34/36 MP: 2/2
   917 | D:2      | Reached XP level 4. HP: 39/44 MP: 3/3
  1358 | D:3      | Reached XP level 5. HP: 46/53 MP: 4/4
  1528 | D:3      | Found an ancient bone altar of Kikubaaqudgha.
  1711 | D:3      | Found a faded altar of an unknown god.
  1726 | D:3      | Prayed at the altar of an unknown god.
  1726 | D:3      | Became a worshipper of Makhleb the Destroyer
  1726 | D:3      | Reached * piety under Makhleb
  1934 | D:4      | Noticed Pikel
  1934 | D:4      | Noticed a lemure
  1934 | D:4      | Noticed a lemure
  1934 | D:4      | Noticed a lemure
  1934 | D:4      | Noticed a lemure
  1951 | D:3      | Killed a lemure
  1973 | D:3      | Killed a lemure
  2020 | D:3      | Killed a lemure
  2037 | D:3      | Killed a lemure
  2081 | D:4      | Slain by Pikel

Illustrated notes

Levels and vault maps discovered:
D:1:      dpeg_arrival_ratfight, layout_basic
D:2:      minmay_alternating_diamond, layout_basic
D:3:      layout_loops_ring, lemuel_zombie_altar_kikubaaqudgha,
          dreamdust_ecumenical_altar_hidden_monk_grotto,
          kennysheep_generic_room_11
D:4:      layout_loops_corners, nicolae_ru_path_of_blood, old_standard_altar,
          mainiacjoe_overflow_alcove_1, gammafunk_ghost_arena, uniq_pikel

Skill      XL: |  1  2  3  4 |
---------------+-------------+-----
Maces & Flails | 2 3 |  3.6
Dodging        | 3 |  3.3
Fighting       | 3 |  3.1
Stealth        | |  0.1
Shields        | |  2.9

Action                   |  1- 3 |  4- 6 || total
-------------------------+-------+-------++-------
Melee: Flail             |   116 |   162 ||   278
  Use: Scroll            |     5 |     2 ||     7
 Stab: Sleeping          |     2 |       ||     2
Armor: Robe              |    65 |    51 ||   116
Dodge: Dodged            |    63 |    75 ||   138
Block: Kite shield       |    53 |    78 ||   131

Table legend: (Time is in decaauts)
 A = Elapsed time spent in this place.
 B = Non-inter-level travel time spent in this place.
 C = Inter-level travel time spent in this place.
 D = Time resting spent in this place.
 E = Time spent auto-exploring this place.
 F = Levels seen in this place.
 G = Mean time per level.
                   A        B        C        D        E       F      G
               +--------+--------+--------+--------+--------+-----+--------+
         Total |   2193 |   2110 |     83 |     46 |   1325 |   4 |  548.2 |
       Dungeon |   2193 |   2110 |     83 |     46 |   1325 |   4 |  548.2 |
               +--------+--------+--------+--------+--------+-----+--------+

Top non-repeatable levels by time:
     D:3: 920 daAuts
     D:2: 664 daAuts
     D:1: 590 daAuts
     D:4: 17 daAuts
